Map: Submarine LE

Players

uwuThermal (uThermal)

  • Race: Terran Terran
  • League: Grandmaster
  • Spawn Location: 11:00

Denver - Winner!

  • Race: Zerg Zerg
  • League: Grandmaster
  • Spawn Location: 5:00

Event: DreamHack SC2 Masters 2020 Fall

VOD

Have the link to the VOD?

Description

Time

  • Played on: Sept. 5, 2020, 3:09 p.m.
  • Length: 15:16

All games in this series

Show
View Real Time Build Order
Export as new Build Order

uwuThermal Terran 

Build Orders:  

Get SALT Encoding   

  12  0:00  SCV  
  13  0:12  SCV  
  14  0:17  Supply Depot  
  14  0:24  SCV  
  15  0:38  SCV  
  15  0:40  Barracks  
  16  0:43  Refinery  
  16  0:50  SCV  
  17  1:02  SCV  
  18  1:14  SCV  
  19  1:27  Orbital Command, Barracks Reactor  
  19  1:39  Command Center  
  19  1:49  Supply Depot  
  19  1:53  SCV  
  20  2:03  Marine x2  
  20  2:05  SCV  
  22  2:10  Factory  
  22  2:17  SCV  
  22  2:19  Refinery  
  22  2:21  Marine  
  24  2:23  Marine  
  24  2:29  SCV  
  26  2:39  Marine  
  26  2:41  SCV, Marine  
  29  2:51  Orbital Command  
  29  2:53  SCV  
  29  2:56  Starport  
  30  2:59  Marine  
  30  3:01  Marine  
  30  3:05  SCV  
  33  3:08  Factory Reactor  
  33  3:17  SCV x2  
  33  3:18  Marine  
  33  3:19  Marine  
  37  3:29  SCV x2  
  37  3:31  Supply Depot  
  39  3:36  Marine  
  39  3:37  Marine  
  42  3:46  SCV  
  42  3:47  Medivac  
  42  3:48  Medivac  
  46  3:53  Widow Mine, SCV, Supply Depot  
  46  3:54  Marine  
  46  3:55  Marine  
  51  3:58  SCV  
  52  4:05  SCV  
  53  4:12  Command Center  
  53  4:18  Supply Depot  
  53  4:23  Factory Reactor, SCV  
  54  4:24  SCV  
  54  4:27  Barracks Tech Lab  
  55  4:35  Barracks, SCV  
  55  4:36  SCV  
  55  4:37  Barracks  
  55  4:38  Starport Reactor  
  57  4:54  SCV  
  56  5:03  Marine  
  56  5:05  Stimpack  
  48  5:07  SCV  
  48  5:10  Engineering Bay, SCV  
  48  5:11  Engineering Bay  
  48  5:12  Factory Tech Lab  
  50  5:19  SCV  
  50  5:21  Marine  
  52  5:22  SCV, Refinery  
  52  5:24  Orbital Command  
  52  5:27  Marine x3  
  56  5:31  Siege Tank, SCV  
  56  5:34  SCV  
  61  5:37  Terran Infantry Weapons Level 1  
  61  5:38  Terran Infantry Armor Level 1  
  61  5:42  Marine x2  
  63  5:44  SCV, Marine  
  63  5:46  SCV  
  63  5:48  Orbital Command  
  66  5:55  Barracks x2  
  66  5:56  SCV  
  67  5:57  Refinery  
  67  5:58  SCV, Marine  
  67  5:59  Marine  
  67  6:00  Marine  
  71  6:04  Siege Tank  
  71  6:08  SCV  
  71  6:09  Medivac  
  71  6:10  SCV  
  78  6:13  Medivac  
  78  6:15  Supply Depot  
  78  6:16  SCV  
  78  6:18  Marine x2  
  82  6:19  Marine  
  82  6:20  SCV  
  85  6:31  Armory  
  85  6:36  Supply Depot, Marine x4  
  85  6:37  SCV x3, Marine  
  93  6:44  Barracks Reactor  
  93  6:52  Supply Depot x2  
  93  6:58  Siege Tank, SCV, Marine x4  
  101  7:02  Supply Depot  
  101  7:13  Medivac x2, Missile Turret, SCV x3, Marine x3  
  111  7:15  Marine x3  
  114  7:22  Marine  
  114  7:24  Barracks x2  
  114  7:25  SCV, Marine  
  114  7:26  Barracks  
  117  7:30  Supply Depot, Marine  
  117  7:31  Supply Depot, Marine  
  117  7:34  Terran Infantry Weapons Level 2  
  119  7:37  Terran Infantry Armor Level 2  
  119  7:40  Marine x2  
  121  7:45  Missile Turret  
  121  7:46  Siege Tank  
  121  7:47  Marine  
  121  7:48  Missile Turret  
  121  7:51  Combat Shield, Marine  
  125  7:55  Supply Depot  
  126  8:03  Marine x3  
  126  8:05  Medivac, Supply Depot  
  129  8:06  SCV x2, Supply Depot  
  129  8:09  Marine  
  129  8:11  Marine  
  135  8:13  Marine x2  
  131  8:21  Marine x2  
  131  8:22  Marine x3  
  136  8:27  Missile Turret, Siege Tank, Marine  
  136  8:28  Missile Turret  
  136  8:29  Marine  
  136  8:30  Terran Vehicle Weapons Level 1  
  136  8:31  Marine  
  136  8:32  Supply Depot, Marine  
  136  8:33  Supply Depot  
  143  8:34  Medivac  
  143  8:35  Marine  
  146  8:43  Marine  
  143  8:48  Marine  
  143  8:49  Marine x7  
  143  8:51  Marine  
  143  8:55  Marine  
  153  8:56  Supply Depot, Marine  
  153  8:59  Siege Tank  
  153  9:01  Medivac, Marine  
  160  9:06  Marine x2  
  160  9:09  Supply Depot  
  159  9:19  Medivac  
  159  9:20  Marine x2  
  159  9:21  Supply Depot  
  159  9:22  Marine  
  162  9:26  Marine x2  
  162  9:27  Marine  
  162  9:29  Marine x2  
  162  9:31  Medivac, Siege Tank, Marine x2  
  170  9:38  Missile Turret, Marine  
  171  9:39  Missile Turret, Marine  
  171  9:40  Marine x2  
  171  9:42  Marine  
  171  9:44  Marine x2  
  171  9:45  Marine  
  179  9:47  Marine  
  179  9:48  Marine x2  
  179  9:49  Missile Turret, Marine  
  183  9:56  Marine  
  184  10:00  Marine  
  185  10:11  Command Center, Medivac  
  185  10:12  Marine  
  188  10:15  Medivac  
  188  10:16  Marine  
  188  10:17  Marine  
  188  10:20  Terran Infantry Weapons Level 3  
  189  10:26  Marine  
  183  10:37  Marine x5  
  183  10:41  Medivac  
  178  10:44  Marine  
  178  10:45  Medivac, Marine x6  
  173  10:54  Marine  
  173  10:55  Marine x3  
  174  11:02  Supply Depot  
  174  11:04  Supply Depot  
  168  11:24  Marine x9  
  155  11:26  Siege Tank, Marine  
  133  11:33  Medivac, Marine  
  133  11:34  Marine  
  111  11:42  Marine x2  
  111  11:43  Marine x4  
  106  11:48  Marine  
  106  11:49  Marine  
  106  11:51  Marine  
  106  11:53  Marine  
  106  11:56  Marine  
  106  11:59  Marine  
  108  12:01  Marine  
  109  12:10  Orbital Command  
  109  12:11  Marine  
  109  12:12  SCV  
  111  12:16  Marine  
  110  12:27  Marine x2  
  99  12:31  SCV, Marine x3  
  99  12:36  Missile Turret  
  103  12:38  Siege Tank  
  103  12:39  Marine  
  103  12:40  Marine  
  103  12:44  Marine  
  108  12:47  Missile Turret, Marine  
  107  12:53  Marine  
  108  12:58  Marine  
  108  12:59  Marine  
  108  13:00  Marine  
  108  13:02  Marine x2  
  113  13:07  Marine x2  
  113  13:10  Siege Tank  
  118  13:13  Marine x3  
  118  13:14  Marine  
  118  13:15  Marine  
  118  13:19  Marine  
  124  13:20  Marine  
  125  13:27  Marine  
  125  13:30  Marine x2  
  125  13:31  Marine  
  125  13:32  Marine x2  
  129  13:42  Marine x5  
  129  13:45  Siege Tank  
  129  13:48  Marine  
  138  13:52  Marine  
  138  13:53  Marine  
  132  13:56  Marine x2  
  132  13:58  Marine x2  
  132  14:02  Marine x2  
  137  14:03  Marine  
  137  14:04  Marine  
  137  14:08  Marine x2  
  142  14:16  Marine  
  143  14:18  Siege Tank  
  143  14:19  Marine  
  143  14:20  Marine  
  148  14:30  Marine x2  
  144  14:31  Marine x2  
  144  14:35  Barracks Tech Lab  
  132  14:42  Marine x2  
  132  14:44  Marine  
  134  14:48  Marine  
  135  14:53  Marine  
Show
View Real Time Build Order
Export as new Build Order

Denver Zerg - Winner!

Build Orders: Pool First, Muta Ling Bane 

Get SALT Encoding   

  12  0:00  Drone  
  13  0:12  Overlord  
  13  0:16  Drone  
  14  0:31  Drone x2  
  16  0:40  Spawning Pool  
  15  0:43  Drone  
  15  0:47  Drone  
  17  1:08  Hatchery  
  16  1:12  Drone  
  16  1:15  Drone  
  18  1:19  Extractor  
  17  1:27  Queen  
  17  1:30  Zergling x2  
  20  1:36  Overlord  
  21  1:40  Drone  
  21  1:51  Drone  
  22  2:03  Queen  
  22  2:07  Drone  
  25  2:13  Drone  
  26  2:19  Metabolic Boost  
  26  2:21  Drone, Queen  
  29  2:24  Drone  
  30  2:33  Overlord  
  30  2:34  Drone  
  31  2:48  Hatchery  
  30  2:52  Drone  
  30  2:55  Drone  
  30  2:56  Drone  
  33  2:59  Drone  
  33  3:02  Drone  
  33  3:03  Drone  
  36  3:07  Drone  
  37  3:13  Drone x3  
  37  3:19  Queen  
  42  3:23  Overlord  
  42  3:28  Drone x2  
  42  3:31  Overlord  
  44  3:35  Overlord  
  44  3:41  Drone  
  44  3:42  Drone  
  44  3:44  Queen  
  44  3:47  Drone  
  44  3:48  Drone  
  50  3:52  Overlord  
  50  3:58  Queen  
  50  4:00  Drone x2  
  50  4:01  Drone  
  55  4:03  Drone  
  55  4:08  Baneling Nest  
  55  4:09  Zergling x4  
  57  4:17  Zergling x10  
  57  4:18  Zergling x2  
  57  4:23  Overlord  
  62  4:26  Overlord  
  62  4:29  Lair  
  62  4:31  Zergling x2  
  62  4:32  Zergling x2  
  62  4:37  Overlord  
  64  4:41  Drone x5  
  64  4:44  Extractor  
  68  4:50  Zergling x8  
  72  4:53  Overlord  
  72  4:59  Drone  
  71  5:00  Drone x3  
  71  5:03  Drone  
  71  5:06  Extractor x2  
  68  5:08  Drone x3  
  68  5:12  Drone x3  
  68  5:13  Drone x3  
  77  5:16  Queen  
  79  5:21  Drone  
  79  5:25  Drone x2  
  79  5:27  Extractor  
  81  5:28  Centrifical Hooks  
  81  5:34  Drone x3, Overseer  
  84  5:37  Drone x3  
  84  5:41  Drone x3  
  84  5:42  Overlord  
  90  5:44  Extractor, Zergling x6  
  90  5:49  Drone x2  
  94  5:54  Spire  
  93  5:59  Hatchery  
  93  6:01  Zergling x4  
  94  6:07  Drone x2  
  94  6:08  Evolution Chamber  
  94  6:09  Evolution Chamber  
  94  6:10  Zergling x4  
  94  6:11  Zergling x2  
  97  6:17  Zergling x10  
  102  6:22  Overlord  
  102  6:23  Zergling x8  
  106  6:26  Baneling x5  
  106  6:33  Drone  
  106  6:35  Spore Crawler  
  106  6:36  Zerg Ground Armor Level 1, Zerg Melee Weapons Level 1  
  106  6:39  Overlord  
  106  6:40  Drone x3  
  106  7:06  Overlord  
  106  7:07  Mutalisk x9  
  124  7:10  Drone x5  
  124  7:11  Overlord x2  
  124  7:13  Baneling  
  124  7:14  Baneling  
  129  7:16  Extractor  
  129  7:17  Zerg Flyer Weapons Level 1  
  129  7:20  Mutalisk  
  130  7:24  Zergling x12  
  130  7:27  Baneling x4  
  130  7:29  Baneling  
  136  7:32  Drone  
  136  7:33  Drone x2  
  139  7:43  Mutalisk x2  
  143  7:46  Zergling x12  
  149  7:53  Hatchery  
  149  7:55  Mutalisk x2  
  149  7:58  Zergling x16  
  158  8:00  Overlord  
  158  8:04  Baneling x7  
  160  8:06  Overlord x2  
  160  8:08  Overlord  
  149  8:20  Zergling x24  
  159  8:31  Zerg Melee Weapons Level 2, Zerg Ground Armor Level 2  
  159  8:32  Mutalisk  
  160  8:37  Zergling x18  
  167  8:43  Mutalisk x2  
  167  8:46  Drone x3  
  172  8:57  Zergling x8  
  172  9:02  Mutalisk x3  
  176  9:04  Zergling x14  
  176  9:06  Overlord x3  
  189  9:10  Overlord  
  189  9:14  Zergling x2  
  189  9:16  Zerg Flyer Weapons Level 2  
  188  9:18  Overlord  
  188  9:19  Infestation Pit  
  188  9:20  Baneling x7  
  188  9:21  Baneling  
  181  9:38  Zergling x14  
  181  9:39  Zergling x16  
  181  9:45  Baneling x10  
  196  9:54  Hatchery  
  196  9:57  Hive  
  196  9:58  Burrow  
  195  10:02  Baneling  
  195  10:03  Baneling x10  
  194  10:11  Zergling x12  
  195  10:31  Baneling  
  195  10:32  Baneling x7  
  195  10:35  Zergling x8  
  186  10:36  Zergling x14  
  175  10:45  Zergling x40  
  175  10:46  Zergling x8  
  195  10:55  Zergling x8  
  191  11:13  Zergling x28  
  191  11:16  Baneling x3  
  191  11:17  Baneling x15  
  193  11:25  Zergling x16  
  177  11:31  Zergling x6  
  177  11:32  Zergling x8  
  128  11:40  Mutalisk x2  
  128  11:41  Mutalisk x3  
  128  11:43  Zergling x2  
  128  11:44  Zergling x4  
  132  11:49  Baneling  
  132  11:50  Baneling x11  
  132  11:51  Zergling x2  
  133  11:56  Zergling x6  
  136  12:01  Zergling x8  
  139  12:11  Mutalisk x3  
  145  12:22  Zergling x2  
  145  12:23  Zergling x14  
  144  12:30  Zergling x12  
  144  12:36  Baneling x10  
  150  12:49  Ultralisk Cavern  
  149  12:53  Zergling x8  
  149  12:54  Baneling x4  
  149  12:58  Baneling x7  
  151  13:02  Drone x3  
  151  13:03  Drone, Hatchery  
  154  13:06  Drone  
  154  13:07  Drone x2  
  157  13:14  Drone x5  
  160  13:37  Chitinous Plating  
  160  13:40  Ultralisk  
  165  13:52  Ultralisk  
  165  13:53  Drone x3  
  165  13:54  Drone x2  
  176  13:55  Baneling  
  176  13:56  Baneling x3  
  176  14:05  Ultralisk  
  179  14:19  Ultralisk x2  
  191  14:28  Baneling x5  
  178  14:40  Zergling x2  
  178  14:41  Zergling x26  
  188  14:53  Hatchery  

Tags
 
Add a new tag
Caveats
  • Supply blocks, unpowered buildings, or Contaminate may cause inaccurate times.
  • Supply counts are checked every 10 seconds.